AoeStats
← [CL] Chinchilla ®

Arena

513414982Analyzed
4v4 RM · 4d ago on Oct 13, 2026· 36m 10s· 8 players
Game mode
Random Map
Map size
Large (8 player)
Population
200
Speed
Normal
Resources
Standard
Victory
Conquest
Starting age
Dark Age
Ending age
Imperial Age
RankedLock teamsTeams togetherTeam positionsShared explorationLock speedFull tech treeHidden civsTurbo modeCheats
Victory
Defeat
🇬🇧 Franks · United Kingdom
1540
+5
🇬🇧 Persians · United Kingdom
1182
+17
🇬🇧 Saracens · United Kingdom
1143
+17
🇬🇧 Hindustanis · United Kingdom
1064
+20
vs
🇨🇳 Slavs · China
1230
-16
🇭🇰 Persians · Hong Kong SAR China
1226
-16
🇨🇱 Franks · Chile
1184
-14
🇮🇳 Britons · India
1172
-13
[CL] Chinchilla ®
10:33 Feudal Age
11:50 Loom
14:46 Castle Age
15:48 Double-Bit Axe
18:05 Bow Saw
23:10 Wheelbarrow
28:08 Imperial Age
26:07 Scale Mail Armor
26:17 Forging
27:00 Hand Cart
26:31 Town Watch
26:41 Pikeman
27:21 Squires
28:49 Chain Mail Armor
29:10 Iron Casting
29:09 Halberdier
30:27 Plate Mail Armor
30:22 Conscription
31:38 Chemistry
30:56 Siege Engineers
33:29 Iron Casting
32:47 Gambesons
32:26 Man-at-Arms
35:14 Blast Furnace
33:39 Long Swordsman
FlameX
11:43 Feudal Age
13:10 Loom
16:11 Castle Age
15:48 Double-Bit Axe
17:57 Scale Barding Armor
22:28 Horse Collar
23:54 Forging
25:35 Gold Mining
25:57 Bow Saw
25:49 Heavy Plow
27:59 Wheelbarrow
31:37 Imperial Age
31:10 Chain Barding Armor
32:43 Iron Casting
32:33 Husbandry
32:47 Bloodlines
34:17 Hand Cart
33:25 Cavalier
34:13 Town Watch
36:20 Town Patrol
37:10 Gold Shaft Mining
Revenant
10:43 Feudal Age
14:46 Castle Age
13:08 Double-Bit Axe
13:20 Horse Collar
17:50 Bow Saw
28:11 Imperial Age
26:17 Wheelbarrow
25:48 Scale Mail Armor
25:58 Forging
26:15 Pikeman
26:56 Squires
27:28 Squires
27:54 Gold Mining
29:20 Forging
29:52 Conscription
30:33 Gold Shaft Mining
31:57 Iron Casting
31:37 Chain Mail Armor
32:20 Halberdier
33:06 Heavy Scorpion
34:18 Hand Cart
Simba
10:33 Feudal Age
15:17 Castle Age
14:56 Double-Bit Axe
16:33 Crossbowman
21:28 Fletching
23:21 Bow Saw
23:19 Horse Collar
23:41 Gold Mining
24:49 Wheelbarrow
24:51 Bodkin Arrow
25:42 Stone Mining
26:14 Heavy Plow
27:27 Hand Cart
30:59 Imperial Age
28:19 Loom
29:10 Padded Archer Armor
29:32 Ballistics
28:53 Treadmill Crane
29:25 Fortified Wall
30:52 Gold Shaft Mining
31:52 Leather Archer Armor
32:06 Conscription
33:50 Chemistry
34:03 Two-Man Saw
33:55 Bracer
35:45 Town Watch
OlyFroggy
5:05 Loom
11:13 Feudal Age
15:19 Castle Age
15:12 Double-Bit Axe
15:39 Horse Collar
16:12 Bow Saw
20:26 Wheelbarrow
20:57 Town Watch
23:14 Loom
23:44 Hand Cart
28:01 Imperial Age
26:16 Fletching
26:27 Padded Archer Armor
26:51 Ballistics
26:51 Gold Mining
27:13 Bodkin Arrow
27:27 Crossbowman
28:14 Thumb Ring
29:51 Chemistry
28:41 Arbalester
30:16 Bracer
A Useless Axe
10:45 Feudal Age
14:42 Castle Age
12:46 Double-Bit Axe
15:58 Bow Saw
18:06 Loom
21:25 Town Watch
25:52 Wheelbarrow
25:19 Gold Mining
26:11 Stone Mining
30:06 Imperial Age
28:35 Forging
29:57 Iron Casting
31:25 Scale Mail Armor
31:09 Elite Throwing Axeman
32:23 Murder Holes
33:00 Pikeman
35:55 Fletching
36:18 Arson
Johnsonator
12:14 Feudal Age
17:35 Castle Age
17:14 Wheelbarrow
19:21 Scale Barding Armor
19:51 Double-Bit Axe
19:49 Horse Collar
25:02 Loom
26:53 Bow Saw
27:04 Heavy Plow
28:12 Gold Mining
31:45 Bloodlines
33:15 Chain Barding Armor
33:07 Forging
33:06 Husbandry
34:59 Town Watch
38:51 Imperial Age
AoE + Beer <3
11:18 Feudal Age
14:45 Castle Age
12:43 Double-Bit Axe
12:39 Horse Collar
15:24 Bow Saw
15:35 Heavy Plow
20:18 Loom
20:19 Town Watch
20:26 Gold Mining
22:21 Wheelbarrow
25:05 Hand Cart
24:50 Town Patrol
28:44 Imperial Age
26:54 Bloodlines
26:44 Husbandry
29:16 Forging
29:11 Scale Barding Armor
28:28 Cavalier
31:10 Iron Casting
29:57 Savar
33:13 Blast Furnace
32:33 Chain Barding Armor
33:17 Scale Mail Armor
35:54 Two-Man Saw
35:25 Crop Rotation
34:59 Town Patrol
35:49 Conscription
35:40 Citadels
35:30 Kamandaran
Connection lost

Rejoining the realm…

Still unreachable

The connection could not be restored.

Session expired

The server has moved on; the page needs a fresh start.